 Dungeon Crawl Stone Soup version 0.30-a0-57-g8b159a9891 (webtiles) character file.

Game seed: 3821770639472729608

3568 Malachi the Slicer (level 9, -1/71 HPs)
             Began as a Demonspawn Brigand on Sept 12, 2022.
             Was the Champion of Uskayaw.
             Slain by a vampire mosquito (9 damage)
             ... on level 7 of the Dungeon.
             The game lasted 00:12:03 (7554 turns).

Malachi the Slicer (Demonspawn Brigand)             Turns: 7554, Time: 00:12:03

Health: -1/71      AC: 13    Str: 12    XL:     9   Next: 84%
Magic:  9/9        EV: 11    Int: 12    God:    Uskayaw [******]
Gold:   311        SH:  9    Dex: 27    Spells: 8/8 levels left

rFire   . . .      SeeInvis .    m - +3 dagger (elec)
rCold   + . .      Faith    .    (no shield)
rNeg    . . .      Spirit   .    w - +2 leather armour {rPois}
rPois   +          Reflect  +    u - +1 helmet
rElec   .          Harm     .    c - +0 cloak
rCorr   .          Rampage  .    i - +0 pair of gloves
Will    .....                    o - +2 pair of boots
Stlth   ++++......               t - amulet of reflection
HPRegen 0.21/turn                x - +6 ring of dexterity
MPRegen 0.11/turn                (no ring)

@: about to teleport, corroded
A: claws 1, rugged brown scales 1, icemail 1, condensation shield, thin skeletal
structure 1, cold resistance 1
a: Renounce Religion, Stomp, Line Pass, Grand Finale


You were on level 7 of the Dungeon.
You worshipped Uskayaw.
Uskayaw was noncommittal.
You visited 2 branches of the dungeon, and saw 8 of its levels.

You collected 311 gold pieces.

Inventory:

Hand Weapons
 a - a +2 dagger
 m - a +3 dagger of electrocution (weapon)
 q - a +3 short sword of protection
 A - a +0 dagger of venom
 I - the +3 dagger "Miytaq" {protect, Will+ Int+3}
   (You took it off an orc on level 4 of the Dungeon)

   It grants its wielder temporary protection when it strikes (+7 to AC).
   Int:       It affects your intelligence (+3).
   Will:      It increases your willpower.
Missiles
 d - 19 poisoned darts (quivered)
 e - 2 curare-tipped darts
Armour
 c - a +0 cloak (worn)
 i - a +0 pair of gloves (worn)
 o - a +2 pair of boots (worn)
 u - a +1 helmet (worn)
 w - a +2 leather armour of poison resistance (worn)
Jewellery
 r - an amulet of faith
 t - an amulet of reflection (around neck)
 x - a +6 ring of dexterity (left hand)
 D - a ring of resist corrosion
Wands
 v - a wand of flame (28)
 G - a wand of paralysis (7)
Scrolls
 f - 4 scrolls of teleportation
 h - 2 scrolls of poison
 k - 3 scrolls of magic mapping
 n - a scroll of silence
 s - a scroll of noise
 y - 2 scrolls of summoning
 z - a scroll of identify
 E - a scroll of immolation
 F - a scroll of fear {unknown}
Potions
 b - a potion of berserk rage {unknown}
 g - 2 potions of invisibility {unknown}
 j - 5 potions of curing
 l - 5 potions of mutation
 p - 2 potions of magic {unknown}
 B - 2 potions of attraction {unknown}
 C - 3 potions of lignification {unknown}
 H - a potion of experience {unknown}


   Skills:
 + Level 6.0 Fighting
 - Level 12.0 Short Blades
 - Level 1.7 Throwing
 - Level 0.8 Dodging
 - Level 3.6 Stealth


You had 8 spell levels left.
You didn't know any spells.
Your spell library contained the following spells:

 Spells                   Type           Power      Damage    Failure   Level
 Slow                     Hex            0%         N/A       38%         1
 Confusing Touch          Hex            0%         N/A       77%         3
 Stone Arrow              Conj/Erth      0%         3d7       77%         3
 Vampiric Draining        Necr           0%         2d6       77%         3
 Animate Armour           Summ/Erth      0%         N/A       99%         4
 Olgreb's Toxic Radiance  Pois           0%         N/A       99%         4
 Ozocubu's Refrigeration  Ice            0%         4d7       100%        7
 Ignition                 Fire           0%         3d3       100%        8
 Lehudib's Crystal Spear  Conj/Erth      0%         10d2      100%        8


Dungeon Overview and Level Annotations

Branches:
Dungeon (7/15)             Temple (1/1) D:6

Altars:
Ashenzari
Cheibriados
Dithmenos
Fedhas
Hepliaklqana
Nemelex Xobeh
Okawaru
Qazlal
Ru
Sif Muna
Trog
Uskayaw
Vehumet
Xom
Yredelemnul


Innate Abilities, Weirdness & Mutations

You have sharp fingernails.
You are partially covered in rugged brown scales. (AC +1, +3% HP)
A meltable icy envelope protects you from harm. (AC +4)
A meltable shield of frost defends you. (SH +4)
You have a somewhat thin skeletal structure. (Dex +2, Stealth+)
Your flesh is cold resistant. (rC+)


Message History

You block the phantom's attack.
You hit the jelly.
Your hands burn!
You punch the jelly.
The jelly is moderately wounded.
The vampire mosquito bites you.
The vampire mosquito draws strength from your injuries!
You hit the jelly. The acid corrodes you!
Your hands burn!
* * * LOW HITPOINT WARNING * * *
The jelly is heavily wounded.
The vampire mosquito bites you!
* * * LOW HITPOINT WARNING * * *
The vampire mosquito draws strength from your injuries!
The phantom hits you but does no damage.
The jelly closely misses you.
As you read the scroll of teleportation, it crumbles to dust.
You feel strangely unstable. The vampire mosquito bites you!
* * * LOW HITPOINT WARNING * * *
The vampire mosquito draws strength from your injuries!
The vampire mosquito bites you but does no damage.
The phantom misses you. The jelly barely misses you.
You feel better. The vampire mosquito bites you.
* * * LOW HITPOINT WARNING * * *
The vampire mosquito draws strength from your injuries!
You block the vampire mosquito's attack.
The phantom hits you.
* * * LOW HITPOINT WARNING * * *
The jelly hits you but does no damage.
Uskayaw prepares the audience for your solo!
The helpless jelly fails to defend itself.
You perforate the jelly like a sieve!!!!
You kill the jelly!
The basilisk is no longer paralysed.
The two-headed ogre is no longer paralysed.
The vampire mosquito is no longer paralysed.
The phantom is no longer paralysed.
The vampire mosquito closely misses you.
Your Fighting skill increases to level 6!
The phantom attacks as you move away!
The phantom hits you but does no damage.
The wight is no longer paralysed.
The vampire mosquito bites you!
You die...

#.......# #.# .
#.⌠...⌠.##+####.#
.##....⌠..##.888#.#
.'...⌠...#8....'.#
#..⌠....##.888###
#.⌠...⌠.##'####
#..))l..#...#
#)####..##
#z)ly@.#†#
##)OW##### #####


You could see a two-headed ogre, a basilisk, a vampire mosquito, a phantom and a
wight.

Vanquished Creatures
  A boulder beetle (D:7)
  Joseph (D:7)
  The ghost of zx48k the Sneak, an amateur OpEn of Ashenzari (D:4)
  A wyvern (D:7)
  Menkaure (D:4)
  A water moccasin (D:6)
  An ice beast (D:7)
  A black bear (D:4)
  The ghost of sakurabyss the Trooper, an amateur DrBe of Trog (D:3)
  2 ogres
  A centaur (D:7)
  Blork the orc (D:4)
  A bullfrog (D:6)
  2 scorpions (D:6)
  A wyvern zombie (D:3)
  A wyvern skeleton (D:3)
  3 wights
  3 howler monkeys
  A centaur zombie (D:3)
  A centaur skeleton (D:3)
  5 hounds
  2 jellies
  4 orc priests
  Jessica (D:3)
  Terence (D:2)
  7 iguanas
  2 orc wizards (D:7)
  4 gnolls (D:4)
  10 adders
  A shadow imp (D:6)
  A white imp (D:6)
  3 worms
  A dart slug (D:3)
  19 orcs
  9 ball pythons
  4 bats
  2 endoplasms
  4 giant cockroaches
  3 goblins (D:1)
  11 hobgoblins
  6 jackals (D:3)
  2 quokkas
  5 frilled lizards (D:1)
  9 kobolds
  6 rats
148 creatures vanquished.

Notes
Turn   | Place    | Note
-------+----------+-------------------------------------------
     0 | D:1      | Malachi the Demonspawn Brigand began the quest for the Orb.
     0 | D:1      | Reached XP level 1. HP: 16/16 MP: 1/1
    61 | D:1      | Reached skill level 2 in Short Blades
   221 | D:1      | Gained mutation: A meltable shield of frost defends you.
                  | (SH +4) [demonic ancestry]
   221 | D:1      | Reached XP level 2. HP: 19/22 MP: 2/2
   617 | D:1      | Reached skill level 3 in Short Blades
  1335 | D:2      | Reached XP level 3. HP: 4/27 MP: 3/3
  1338 | D:2      | Gained mutation: You have a somewhat thin skeletal
                  | structure. (Dex +2, Stealth+) [potion of mutation]
  1338 | D:2      | Gained mutation: Your flesh is cold resistant. (rC+)
                  | [potion of mutation]
  1925 | D:2      | Noticed Terence
  1948 | D:2      | Killed Terence
  1949 | D:2      | Reached skill level 4 in Short Blades
  1949 | D:2      | Reached XP level 4. HP: 8/33 MP: 4/4
  2849 | D:3      | Found a broken altar of Ashenzari.
  2854 | D:3      | Noticed Jessica
  2870 | D:3      | Killed Jessica
  2925 | D:3      | Found a runed translucent gate.
  2925 | D:3      | Found a runed translucent gate.
  2929 | D:3      | Found a runed translucent gate.
  2935 | D:3      | Noticed sakurabyss's ghost (amateur DrBe)
  3025 | D:3      | Reached XP level 5. HP: 38/38 MP: 5/5
  3187 | D:3      | Found a faded altar of an unknown god.
  3190 | D:3      | You fall into a shaft and drop 3 floors!
  3214 | D:6      | Reached skill level 5 in Short Blades
  3214 | D:6      | Found a staircase to the Ecumenical Temple.
  3264 | D:6      | Noticed an ogre
  3265 | Temple   | Entered the Ecumenical Temple
  3630 | Temple   | Killed an ogre
  3631 | Temple   | Reached skill level 6 in Short Blades
  3631 | Temple   | Gained mutation: A meltable icy envelope protects you from
                  | harm. (AC +4) [demonic ancestry]
  3631 | Temple   | Reached XP level 6. HP: 17/44 MP: 6/6
  4566 | D:6      | Reached skill level 7 in Short Blades
  4566 | D:6      | Gained mutation: You are partially covered in rugged brown
                  | scales. (AC +1, +3% HP) [demonic ancestry]
  4566 | D:6      | Reached XP level 7. HP: 38/51 MP: 7/7
  4755 | Temple   | Became a worshipper of Uskayaw the Reveller
  4811 | D:6      | Reached * piety under Uskayaw
  4814 | D:6      | Reached ** piety under Uskayaw
  5041 | D:6      | Found a snail-covered altar of Cheibriados.
  5270 | D:6      | Reached skill level 8 in Short Blades
  5401 | D:5      | Entered Level 5 of the Dungeon
  5542 | D:5      | Reached *** piety under Uskayaw
  5720 | D:5      | Reached XP level 8. HP: 57/57 MP: 8/8
  5894 | D:4      | Found a runed translucent gate.
  5895 | D:4      | Found a runed translucent gate.
  5896 | D:4      | Found a runed translucent gate.
  5937 | D:4      | Noticed zx48k's ghost (amateur OpEn)
  5943 | D:4      | Identified the +3 dagger "Miytaq" {protect, Will+ Int+3}
  5943 | D:4      | Identified the +1 scale mail "Plog" {+Blink}
  5991 | D:4      | Reached skill level 9 in Short Blades
  5995 | D:4      | Reached **** piety under Uskayaw
  6004 | D:4      | Reached ***** piety under Uskayaw
  6007 | D:4      | Noticed Menkaure
  6037 | D:4      | Killed Menkaure
  6323 | D:4      | Noticed Blork the orc
  6330 | D:4      | Killed Blork the orc
  6354 | D:4      | Reached skill level 10 in Short Blades
  6662 | D:4      | Killed zx48k's ghost
  7109 | D:3      | Killed sakurabyss's ghost
  7116 | D:3      | Reached skill level 11 in Short Blades
  7116 | D:3      | Gained mutation: You have sharp fingernails. [demonic
                  | ancestry]
  7116 | D:3      | Reached XP level 9. HP: 52/62 MP: 9/9
  7258 | D:7      | Noticed Joseph
  7277 | D:7      | Killed Joseph
  7495 | D:7      | Reached skill level 12 in Short Blades
  7499 | D:7      | Noticed a boulder beetle
  7511 | D:7      | Killed a boulder beetle
  7512 | D:7      | Reached skill level 5 in Fighting
  7535 | D:7      | Noticed a two-headed ogre
  7537 | D:7      | Reached ****** piety under Uskayaw
  7554 | D:7      | Slain by a vampire mosquito

Illustrated notes

Levels and vault maps discovered:
D:1:      dpeg_arrival_simpleton_b, layout_basic
D:2:      layout_basic, kennysheep_nondescript, minmay_surrounded, uniq_terence
D:3:      layout_loops_cross, nicolae_ashenzari_skybound,
          hellmonk_ecumenical_altar_crossroads, gammafunk_ghost_necromancy,
          uniq_jessica
D:4:      wad_crossroads, layout_cave_pools, biasface_ghost_orc_armoury,
          uniq_blork_the_orc, uniq_menkaure
D:5:      layout_rooms
D:6:      layout_rooms, mainiacjoe_overflow_six_doors_small,
          minmay_temple_entry_arrows
D:7:      minmay_chambers_of_sevens, layout_cave_pools, kennysheep_mini_moat,
          nicolae_concentric_dashed_squares_mild, uniq_joseph
Temple:   nicolae_temple_elliptical

Skill      XL: |  1  2  3  4  5  6  7  8  9 |
---------------+----------------------------+-----
Short Blades   | 2 3 4 6 7 8 11 12 | 12.0
Fighting       | 6 |  6.0
Throwing       | |  1.7
Dodging        | |  0.8
Stealth        | |  3.6

Action                   |  1- 3 |  4- 6 |  7- 9 || total
-------------------------+-------+-------+-------++-------
Melee: Dagger            |   141 |    36 |   128 ||   305
       Punch             |     1 |     1 |     9 ||    11
       Short sword       |       |   112 |   242 ||   354
Throw: Dart              |     5 |       |       ||     5
  Use: Scroll            |     1 |     1 |     8 ||    10
       Potion            |     5 |     1 |     1 ||     7
 Stab: Sleeping          |     1 |     9 |    13 ||    23
       Paralysed         |       |       |     9 ||     9
Armor: Robe              |    43 |       |       ||    43
       Leather armour    |     9 |    37 |    85 ||   131
Dodge: Dodged            |    94 |    63 |    91 ||   248
Block: Other             |    26 |    45 |   116 ||   187
       Reflection        |       |       |     1 ||     1

Table legend: (Time is in decaauts)
 A = Elapsed time spent in this place.
 B = Non-inter-level travel time spent in this place.
 C = Inter-level travel time spent in this place.
 D = Time resting spent in this place.
 E = Time spent auto-exploring this place.
 F = Levels seen in this place.
 G = Mean time per level.
                   A        B        C        D        E       F      G
               +--------+--------+--------+--------+--------+-----+--------+
         Total |   7364 |   7015 |    349 |   1966 |   3614 |   8 |  920.5 |
       Dungeon |   5936 |   5623 |    313 |    793 |   3502 |   7 |  848.0 |
        Temple |   1428 |   1392 |     36 |   1173 |    112 |   1 | 1428.0 |
               +--------+--------+--------+--------+--------+-----+--------+

Top non-repeatable levels by time:
  Temple: 1428 daAuts
     D:2: 1411 daAuts
     D:1: 1312 daAuts
     D:4: 963 daAuts
     D:6: 761 daAuts
     D:3: 757 daAuts
     D:5: 473 daAuts
     D:7: 257 daAuts
